 Dungeon Crawl Stone Soup version 0.17-a0-1738-g82cdc46 (webtiles) character file.

4781 Fv001 the Geomancer (level 10, -2/73 HPs)
             Began as a Formicid Earth Elementalist on Aug 30, 2015.
             Was a Believer of Vehumet.
             Succumbed to a gnoll sergeant's poison
             ... on level 8 of the Dungeon on Aug 31, 2015.
             The game lasted 01:06:57 (10037 turns).

Fv001 the Geomancer (Formicid Earth Elementalist)  Turns: 10037, Time: 01:06:57

Health: -2/73      AC:  9    Str: 14    XL:     10   Next: 75%
Magic:  4/18       EV: 12    Int: 23    God:    Vehumet [**....]
Gold:   386        SH:  5    Dex: 13    Spells: 5 memorised, 5 levels left

rFire  . . .     SeeInvis +     a - +0 flail (venom)
rCold  + . .     Clarity  .     m - +0 ring mail
rNeg   . . .     SustAt   .     t - +0 buckler
rPois  .         Gourm    .     (helmet unavailable)
rElec  .         Spirit   .     y - +2 cloak
rCorr  .         Warding  .     (no gloves)
rMut   .         Stasis   +     (no boots)
MR     +....                    (no amulet)
Stlth  +.........               q - ring of flight
                                h - +6 ring of intelligence

@: lethally poisoned (-2 -> -41), somewhat resistant to hostile enchantments,
very unstealthy
A: permanent stasis, dig shafts and tunnels, four strong arms, antennae 3,
hooves 1, agile 1, cold resistance 1
a: Dig, Shaft Self, Renounce Religion, Evoke Flight


You were on level 8 of the Dungeon.
You worshipped Vehumet.
Vehumet was pleased with you.
You were not hungry.

You visited 2 branches of the dungeon, and saw 9 of its levels.

You collected 386 gold pieces.

Inventory:

Hand weapons
 a - a +0 flail of venom (weapon)
Missiles
 b - 203 stones (quivered)
Armour
 e - a +0 large shield
 i - a +1 leather armour
 m - a +0 ring mail (worn)
 t - a +0 buckler (worn)
 y - a +2 cloak (worn)
Jewellery
 h - a +6 ring of intelligence (left hand)
 k - an uncursed ring of ice
 q - a ring of flight (right hand)
 I - an uncursed ring of fire
Magical devices
 s - a wand of teleportation (1)
 C - a wand of confusion (27)
 G - a wand of random effects (25)
Scrolls
 g - 3 scrolls of remove curse
 p - 2 scrolls of blinking {unknown}
 v - 2 scrolls of recharging {unknown}
 w - a scroll of random uselessness {unknown}
 x - 2 scrolls of immolation {unknown}
 D - a scroll of magic mapping
 E - a scroll of fear {unknown}
 F - a scroll of enchant weapon {unknown}
 J - a scroll of enchant armour
Potions
 f - 2 potions of agility
 l - a potion of brilliance
 n - a potion of haste
Books
 c - a book of Geomancy

   Spells                             Type                      Level
   a - Sandblast                      Earth                        1
   b - Stoneskin                      Transmutation/Earth          2
   c - Passwall                       Transmutation/Earth          3
   d - Stone Arrow                    Conjuration/Earth            3
   e - Petrify                        Transmutation/Earth          4
   f - Lee's Rapid Deconstruction     Earth                        5
 K - a book of Battle

   Spells                             Type                      Level
   a - Infusion                       Charms                       1
   b - Shroud of Golubria             Charms/Translocation         2
   c - Song of Slaying                Charms                       2
   d - Spectral Weapon                Hexes/Charms                 3
   e - Regeneration                   Charms/Necromancy            3
Comestibles
 d - 4 bread rations
 j - 2 chunks of flesh
 A - 9 slices of pizza
 H - 12 fruits
 L - 2 meat rations


   Skills:
 + Level 4.4 Fighting
 + Level 4.8 Maces & Flails
 + Level 4.4 Armour
 + Level 4.6 Dodging
 - Level 2.9 Stealth
 + Level 5.5 Shields
 + Level 5.5 Spellcasting
 + Level 3.8 Conjurations
 + Level 5.1 Transmutations
 * Level 9.2 Earth Magic


You had 5 spell levels left.
You knew the following spells:

 Your Spells              Type           Power        Failure   Level  Hunger
a - Sandblast             Erth           #####.       1%          1    None
b - Stoneskin             Trmt/Erth      #####...     1%          2    None
c - Stone Arrow           Conj/Erth      #####.       4%          3    ##.....
d - Lee's Rapid Deconstr  Erth           #####.....   12%         5    #####..
e - Petrify               Trmt/Erth      #####...     10%         4    ####...


Dungeon Overview and Level Annotations

Branches:
Dungeon (8/15)             Temple (1/1) D:7            Lair (0/8) D:8

Altars:
Ashenzari
Cheibriados
Dithmenos
Elyvilon
Fedhas
Gozag
Kikubaaqudgha
Makhleb
Nemelex Xobeh
Okawaru
Qazlal
Ru
Sif Muna
Trog
Vehumet
Xom
Yredelemnul
The Shining One

Shops:
D:4 %   D:8 (

Annotations:
D:8 Joseph


Innate Abilities, Weirdness & Mutations

You are under a permanent stasis effect.
You can dig through walls and to a lower floor.
Your four strong arms can wield two-handed weapons with a shield.
You have a pair of large antennae on your head (SInv).
You have large cloven feet.
You are agile. (Dex +2)
Your flesh is cold resistant.


Message History

Unknown command.
You hit the gnoll.
The gnoll is poisoned.
The gnoll is lightly wounded.
* * * LOW HITPOINT WARNING * * *
You feel very sick. The gnoll barely misses you.
You block the gnoll sergeant's attack.
You hit the gnoll.
The gnoll looks even sicker.
The gnoll is heavily wounded.
* * * LOW HITPOINT WARNING * * *
You feel very sick. The gnoll barely misses you.
The gnoll sergeant hits you from afar with a spear of venom.
* * * LOW HITPOINT WARNING * * *
You are more poisoned.
Joseph tries to grin evilly.
Unknown command.
You hit the gnoll.
You kill the gnoll!
Vehumet accepts your kill.
You die...

#......#..## #.......####
##.#....#...## ##..........#
#......##....###..#####.####
.......##.......### #.#
.......#.....#..# #.#
##..........##..# #.#
##..#.......##..# ##.#
#..#####........### ##..##
#..# #......##.@@###....#
..## #.....#####)g..###..#
#.####......# ##g.## ##.#
##........... ##g## #..
#.....#..##..###.(# #.#
##..............gg# ##
##................)#
#.....####.....##.†#
..##...# .##.. ....


You could see Joseph, a gnoll sergeant and 2 gnolls.

Vanquished Creatures
  A hydra (D:8)
  The ghost of Geomchi the Firebug, an experienced DEFE (D:5)
  2 yaks (D:8)
  2 orc warriors
  3 black bears (D:7)
  An ice beast (D:8)
  3 centaurs
  6 big kobolds
  4 giant frogs
  A wyvern zombie (D:6)
  A wyvern skeleton (D:6)
  3 scorpions
  14 killer bees
  A centaur zombie (D:6)
  3 crimson imps
  3 jellies
  A giant frog zombie (D:6)
  3 hounds
  4 orc wizards
  2 orc priests (D:7)
  11 worker ants
  3 iguanas
  2 sheep (D:8)
  2 killer bee zombies
  2 hound skeletons (D:6)
  2 worker ant zombies
  4 gnolls (D:8)
  9 adders
  3 adder zombies
  2 adder skeletons
  3 worms
  8 giant geckos
  18 orcs
  3 ball pythons
  A bat zombie (D:2)
  6 giant cockroaches
  9 hobgoblins
  7 jackals
  4 quokkas
  8 bats
  7 giant newts
  7 goblins
  A jackal zombie (D:6)
  16 kobolds
  A quokka skeleton (D:5)
  8 rats
206 creatures vanquished.

Notes
Turn   | Place    | Note
--------------------------------------------------------------
     0 | D:1      | Fv001 the Formicid Earth Elementalist began the quest for the Orb.
     0 | D:1      | Reached XP level 1. HP: 13/13 MP: 3/3
   384 | D:1      | Reached XP level 2. HP: 15/20 MP: 3/5
   390 | D:1      | Learned a level 2 spell: Stoneskin
   662 | D:1      | Reached skill level 4 in Earth Magic
   857 | D:1      | Reached XP level 3. HP: 25/25 MP: 2/6
  1156 | D:2      | Learned a level 3 spell: Stone Arrow
  1384 | D:2      | Found an ancient bone altar of Kikubaaqudgha.
  1411 | D:2      | Reached XP level 4. HP: 27/31 MP: 4/8
  1753 | D:2      | Upgraded the game from 0.17-a0-1733-ge90ece9 to 0.17-a0-1738-g82cdc46
  2351 | D:3      | Reached skill level 1 in Fighting
  2655 | D:3      | Reached skill level 1 in Maces & Flails
  2655 | D:3      | Reached XP level 5. HP: 6/37 MP: 0/9
  2813 | D:3      | Found a glowing golden altar of the Shining One.
  3694 | D:4      | Reached skill level 1 in Armour
  3694 | D:4      | Reached skill level 1 in Shields
  3694 | D:4      | Reached XP level 6. HP: 28/44 MP: 2/11
  3725 | D:4      | Found Mat Fasi's Food Emporium.
  3903 | D:4      | HP: 2/44 [poisoned by a worker ant]
  3911 | D:4      | HP: 1/44 [poisoned by a worker ant]
  4376 | D:4      | Reached skill level 1 in Conjurations
  4678 | D:5      | Entered Level 5 of the Dungeon
  4967 | D:5      | Noticed Geomchi's ghost (experienced DEFE)
  5221 | D:6      | Reached XP level 7. HP: 46/50 MP: 7/12
  5282 | D:5      | Killed Geomchi's ghost
  5282 | D:5      | Reached skill level 5 in Earth Magic
  5390 | D:5      | Reached XP level 8. HP: 43/57 MP: 5/14
  5456 | D:5      | Learned a level 5 spell: Lee's Rapid Deconstruction
  6019 | D:6      | Noticed an orc warrior
  6033 | D:6      | Killed an orc warrior
  6033 | D:6      | Reached skill level 6 in Earth Magic
  7050 | D:6      | Reached XP level 9. HP: 53/63 MP: 4/15
  7573 | D:7      | Reached skill level 7 in Earth Magic
  7721 | D:7      | Found a staircase to the Ecumenical Temple.
  7742 | Temple   | Entered the Ecumenical Temple
  7759 | Temple   | Became a worshipper of Vehumet
  8503 | D:8      | Acquired Vehumet's first power
  8503 | D:8      | Offered knowledge of Sting by Vehumet.
  8509 | D:8      | Found a staircase to the Lair.
  8617 | D:8      | Reached skill level 5 in Spellcasting
  8617 | D:8      | Reached skill level 8 in Earth Magic
  8617 | D:8      | Reached XP level 10. HP: 71/71 MP: 1/17
  9428 | D:8      | Reached skill level 5 in Shields
  9531 | D:8      | Noticed a three-headed hydra
  9539 | D:8      | Killed a three-headed hydra
  9539 | D:8      | Reached skill level 5 in Transmutations
  9539 | D:8      | Reached skill level 9 in Earth Magic
  9554 | D:8      | Learned a level 4 spell: Petrify
  9828 | D:8      | Found Gibb's Antique Weapon Shop.
 10008 | D:8      | Noticed Joseph
 10028 | D:8      | Gained mutation: You have large cloven feet. [potion of mutation]
 10028 | D:8      | Gained mutation: You are agile. (Dex +2) [potion of mutation]
 10028 | D:8      | Gained mutation: Your flesh is cold resistant. [potion of mutation]
 10028 | D:8      | HP: 3/73 [gnoll sergeant/spear of venom (2)]
 10036 | D:8      | HP: 1/73 [gnoll sergeant/spear of venom (6)]
 10037 | D:8      | Succumbed to a gnoll sergeant's poison

Vault maps used:
D:1:      ncdulo_watergridlock, nrook_mini_vaults
D:2:      lemuel_zombie_altar_kikubaaqudgha
D:3:      lemuel_doored_altar, grunt_decor_cap
D:4:      kennysheep_windowed_goal
D:5:      first_bread
D:6:      serial_undead, serial_undead_f, serial_undead_d, serial_undead_e,
          serial_undead_b, serial_undead_e, serial_undead_f, serial_undead_b,
          kennysheep_generic_room_5
D:7:      minmay_temple_entry_statues_pillars
D:8:      lair_0_dummy, serial_shops, nicolae_shop_waterfront, hangedman_ranch,
          uniq_joseph
Temple:   lightli_temple_of_artemis

Action                   |  1- 3 |  4- 6 |  7- 9 | 10-12 || total
-------------------------+-------+-------+-------+-------++-------
Melee: Whip              |   138 |    97 |    34 |       ||   269
       Unarmed           |     6 |       |       |       ||     6
       Club              |     4 |       |       |       ||     4
       Halberd           |       |    71 |       |       ||    71
       Mace              |       |       |   126 |       ||   126
       Flail             |       |       |    46 |    49 ||    95
 Cast: Sandblast         |    29 |    82 |    85 |    13 ||   209
       Stoneskin         |     8 |    15 |    18 |     5 ||    46
       Stone Arrow       |       |     3 |    50 |    17 ||    70
       Lee's Rapid Decon |       |       |     9 |    10 ||    19
Evoke: Wand              |       |     1 |       |       ||     1
  Use: Scroll            |     7 |       |     3 |       ||    10
       Potion            |       |       |       |     9 ||     9
 Stab: Sleeping          |       |     3 |     1 |       ||     4
       Invisible         |       |       |       |     1 ||     1
  Eat: Chunk             |     2 |     8 |    13 |     3 ||    26
       Beef jerky        |       |     1 |       |       ||     1
       Fruit             |       |     3 |     2 |       ||     5
       Pizza             |       |     1 |       |       ||     1
       Royal jelly       |       |       |     1 |       ||     1
       Meat ration       |       |       |       |     1 ||     1
